 Dungeon Crawl Stone Soup version 0.23-a0-488-g5fd82c5 (webtiles) character file.

672268 Skuilla the Conqueror (level 27, -11/218 HPs)
             Began as a Minotaur Berserker on Nov 25, 2018.
             Was a High Priest of Trog.
             Collided with a golden dragon (35 damage)
             ... caused by an ancient lich
             ... on level 5 of the Realm of Zot on Dec 1, 2018.
             The game lasted 07:53:24 (91427 turns).

Skuilla the Conqueror (Minotaur Berserker)         Turns: 91427, Time: 07:53:25

Health: -11/218    AC: 35    Str: 23      XL:     27
Magic:  31/31      EV: 20    Int:  5      God:    Trog [*****.]
Gold:   5032       SH: 24    Dex: 21 (23) Spells: 26/26 levels left

rFire    + + .     SeeInvis .   Q - +5 war axe of Generosity {flame, rElec rPois rN++ MP+9}
rCold    + . .     Gourm    .   t - +2 shield of Resistance {rF+ rC+ MR+}
rNeg     + + +     Faith    .   a - +9 gold dragon scales
rPois    +         Spirit   .   (helmet restricted)
rElec    +         Reflect  +   (no cloak)
rCorr    +         Harm     .   d - +1 pair of gloves {Dex+3}
MR       +++++     Rnd*Tele +   w - +0 pair of boots
Stlth    ..........             I - +5 amulet of reflection
HPRegen  0.46/turn              z - ring "Erunu" {rCorr rC- rN+ MR+}
MPRegen  0.22/turn              R - ring of the Mage {Wiz MR++ Int+3}

@: about to teleport, constricted
A: retaliatory headbutt, horns 2, blurry vision 2, deformed body, deterioration
2, dopey 1, frail 2, screaming 2, teleportitis 2, weak 1, subdued magic 1
}: 3/15 runes: serpentine, barnacled, silver
a: Berserk, Trog's Hand, Brothers in Arms, Renounce Religion


You were on level 5 of the Realm of Zot.
You worshipped Trog.
Trog was extremely pleased with you.
You were not hungry.

You visited 9 branches of the dungeon, and saw 49 of its levels.
You visited the Abyss 1 time.
You visited 1 bazaar.
You also visited: Sewer, Bailey and Wizlab.

You collected 8946 gold pieces.
You spent 3914 gold pieces at shops.

Inventory:

Hand Weapons
 m - a +4 broad axe of electrocution
 K - the +10 trident "Nyorgh Puph" {pain, *Slow rN+ Str+4 Dex+3}
   (You found it on level 7 of the Dungeon)

   In the hands of one skilled in necromantic magic, it inflicts extra damage on
   living creatures.
   It affects your strength (+4).
   It affects your dexterity (+3).
   It protects you from negative energy.
   It may slow you when you take damage.
 Q - the +5 war axe of Generosity (weapon) {flame, rElec rPois rN++ MP+9}
   (You found it on level 8 of the Dungeon)

   It has been specially enchanted to burn those struck by it, causing extra
   injury to most foes and up to half again as much damage against particularly
   susceptible opponents.
   Big, fiery blades are also staple armaments of hydra-hunters.
   It insulates you from electricity.
   It protects you from poison.
   It greatly protects you from negative energy.
   It affects your magic capacity (+9).
 Z - a +4 broad axe of draining
Missiles
 C - 36 javelins
 U - 2 poisoned tomahawks (quivered)
Armour
 a - +9 gold dragon scales (worn)
 d - a +1 pair of gloves of dexterity (worn)
 t - the +2 shield of Resistance (worn) {rF+ rC+ MR+}
   (You bought it in a shop on level 2 of the Orcish Mines)

   It protects you from fire.
   It protects you from cold.
   It affects your resistance to hostile enchantments.
 w - a +0 pair of boots (worn)
Jewellery
 b - the ring of the Rose {rPois rN+++ Str+4 Dex-3 Slay+3}
   (You took it off a spriggan berserker on level 3 of the Depths)

   [ring of poison resistance]

   It affects your strength (+4).
   It affects your dexterity (-3).
   It affects your accuracy and damage with ranged weapons and melee attacks
   (+3).
   It protects you from poison.
   It renders you almost immune to negative energy.
 k - the ring "Fyiheyr" {rElec SInv}
   (You took it off a frost giant on level 3 of the Depths)

   [ring of see invisible]

   It insulates you from electricity.
   It lets you see invisible.
 y - an uncursed ring of see invisible
 z - the ring "Erunu" (left hand) {rCorr rC- rN+ MR+}
   (You took it off an orc on level 7 of the Dungeon)

   [ring of resist corrosion]

   It makes you vulnerable to cold.
   It protects you from negative energy.
   It affects your resistance to hostile enchantments.
 I - a +5 amulet of reflection (around neck)
 R - the ring of the Mage (right hand) {Wiz MR++ Int+3}
   (You bought it in a shop on level 4 of the Snake Pit)

   [ring of wizardry]

   It improves your spell success rate.
   It affects your intelligence (+3).
   It affects your resistance to hostile enchantments.
Wands
 A - a wand of enslavement (15)
 D - a wand of digging (9)
 F - a wand of iceblast (24)
 H - a wand of paralysis (48)
 W - a wand of disintegration (15)
 X - a wand of flame (140)
Scrolls
 f - 15 scrolls of teleportation
 i - 6 scrolls of magic mapping
 o - 2 scrolls of summoning
 q - a scroll of fog
 s - 24 scrolls of remove curse
 u - 3 scrolls of acquirement
 B - a scroll of torment {unknown}
 L - 21 scrolls of identify
 M - 2 scrolls of fear
 N - a scroll of enchant armour
 S - 4 scrolls of blinking
 T - 10 scrolls of enchant weapon
 V - 2 scrolls of brand weapon
 Y - 2 scrolls of holy word
Potions
 e - 8 potions of lignification
 g - 3 potions of might
 h - 4 potions of mutation
 j - 2 potions of haste
 l - 18 potions of curing
 n - a potion of flight
 r - 6 potions of agility
 v - 3 potions of resistance
 x - 2 potions of magic
 E - a potion of ambrosia
 G - 4 potions of cancellation
 J - a potion of berserk rage
 O - 7 potions of heal wounds
 P - a potion of invisibility
Comestibles
 c - 44 rations


   Skills:
 O Level 27 Fighting
 + Level 20.7(20.9) Axes
 - Level 4.5(14.7) Polearms
 O Level 27 Armour
 O Level 27 Dodging
 + Level 20.2 Shields


You had 26 spell levels left.
You didn't know any spells.
Your spell library was empty.

Dungeon Overview and Level Annotations

Branches:
Dungeon (15/15)            Temple (0/1) D:5            Lair (6/6) D:11
 Shoals (4/4) Lair:2        Snake (4/4) Lair:3        Slime (0/5) Lair:6
    Orc (2/2) D:11            Elf (3/3) Orc:2        Vaults (5/5) D:13
  Crypt (0/3) Vaults:2     Depths (5/5) D:15            Zot (5/5) Depths:5

Altars:
Dithmenos
Fedhas
Hepliaklqana
Kikubaaqudgha
Nemelex Xobeh
Okawaru
Qazlal
Ru
Trog
Uskayaw
Vehumet
Wu Jian
Xom
Yredelemnul
The Shining One
Beogh
Jiyva

Shops:
D:5 =   D:14 [*   Orc:2 [:(:*   Elf:1 [   Elf:2 (   Shoals:3 ?   Snake:4 =}=
Vaults:2 (!   Vaults:5 ?

Portals:
Hell: Depths:1 Depths:2 Depths:3 Depths:4 Depths:5
Abyss: Depths:1 Depths:3 Depths:4
Pandemonium: Depths:2 Depths:3 Depths:5
Ziggurat: Depths:4

Annotations:
Lair:6 exclusion: 4 oklob plants
Shoals:1 1 runed door, Inuluch's ghost, adept MfBe
Snake:4 exclusion: Roxanne, Roxanne
Zot:2 2 transporters, exclusion: obsidian statue


Innate Abilities, Weirdness & Mutations

You reflexively headbutt those who attack you in melee.
You have a pair of horns on your head.
Scrolls take you longer to read.
Armour fits poorly on your strangely shaped body.
Your body often deteriorates upon taking damage.
You are dopey. (Int -2)
You are very frail. (-20% HP)
You sometimes yell uncontrollably at your foes.
You are sometimes teleported next to monsters.
You are weak. (Str -2)
Your spells are a little easier to cast, but a little less powerful.


Message History

The tentacled monstrosity closely misses you.
You block the tentacled monstrosity's attack.
The tentacled monstrosity misses you.
You feel much better. The death cob closely misses you.
You block the death cob's attack.
An orb of fire comes into view.
You yell at the orb of fire!
The ancient lich completely misses you. The golden dragon misses you.
The golden dragon closely misses you. You block the golden dragon's attack.
Something touches you!
* * * LOW HITPOINT WARNING * * *
The tentacled monstrosity tentacle-slaps you but does no damage.
You block the tentacled monstrosity's attack.
The tentacled monstrosity tentacle-slaps you but does no damage.
The tentacled monstrosity constricts you.
The ancient lich gestures at you while chanting.
The lance of force hits you!
* * * LOW HITPOINT WARNING * * *
You are knocked back by the lance of force.
You collide with the golden dragon!
You die...

##.###
...#<#
#.......#
##.#.#
#.......#
##.#^#
#.......# #
##...#
#..y....#.#
######
#.......'.#
# #.......#
# #.LXD...#
# #..@zX..#
# #.L{X...#
# #.......#
#
#..........*
#
#...........
#
#...........
#
#....)......
#
#...........
#


You could see an orb of fire (wandering), 2 tentacled monstrosities, a golden
dragon, 2 ancient liches, a death cob, an Orb Guardian and a moth of wrath
(fleeing).

Vanquished Creatures
  4 orbs of fire
  4 juggernauts
  2 ancient liches (Zot:5)
  Vashnia (Snake:4)
  2 curse toes
  2 Killer Klowns
  Saint Roka (Snake:2)
  A caustic shrike (Depths:4)
  13 golden dragons
  Nikola (Shoals:3)
  A bone dragon (Depths:4)
  An electric golem (Zot:5)
  5 liches
  19 tentacled monstrosities
  A deep elf blademaster (Elf:2)
  12 Orb Guardians (Zot:5)
  2 titans (Vaults:5)
  2 quicksilver dragons (Zot:1)
  2 acid blobs (Depths:5)
  6 sphinxes
  An ancient champion (WizLab)
  5 death cobs
  A tentacled starspawn (Abyss:3)
  A kraken (Shoals:3)
  3 tengu reavers
  15 storm dragons
  Kirke (D:12)
  Donald (Orc:2)
  12 shadow dragons
  2 draconian monks
  4 fire giants
  12 nagarajas
  13 frost giants
  Ilsuiw (Shoals:3)
  3 azure jellies (Depths:5)
  18 vault wardens
  An iron dragon (Vaults:4)
  2 ghost moths
  An orc warlord (Orc:2)
  6 draconian knights
  9 draconian scorchers
  5 deep elf sorcerers
  7 draconian stormcallers
  10 deep elf elementalists
  5 draconian shifters
  8 ironheart preservers
  3 spriggan defenders
  A war gargoyle (Vaults:5)
  26 stone giants
  23 very ugly things
  An entropy weaver (shapeshifter) (Depths:3)
  2 vampire knights
  6 draconian annihilators
  2 entropy weavers
  10 green draconians
  5 deep elf demonologists
  8 deep elf annihilators
  12 red draconians
  8 black draconians
  10 white draconians
  8 purple draconians
  11 yellow draconians
  An eidolon (Abyss:3)
  5 dire elephants (Lair:6)
  16 ettins
  2 crystal guardians
  9 deep elf death magi
  4 death oozes (Depths:5)
  A merfolk javelineer (Shoals:4)
  8 fire dragons
  3 jiangshi
  14 yaktaur captains
  9 merfolk impalers
  12 ogre magi
  7 deep elf high priests
  8 ice dragons
  21 vault guards
  7 hydras
  9 rakshasas
  A hell beast (Depths:3)
  A catoblepas (Lair:5)
  7 great orbs of eyes
  Erica (Lair:2)
  A spriggan air mage (Depths:5)
  A merfolk aquamancer (Shoals:4)
  A merfolk avatar (Shoals:4)
  17 anacondas
  14 centaur warriors
  An alligator snapping turtle (Shoals:1)
  A death knight (D:14)
  44 two-headed ogres
  19 naga warriors
  11 deep troll shamans
  7 spriggan berserkers
  4 tengu warriors
  A vampire mage (Depths:1)
  A satyr (Shoals:3)
  A titan zombie (Depths:1)
  25 dancing weapons
  A death yak (Lair:5)
  2 shock serpents
  9 deep troll earth magi
  An orc high priest (Orc:2)
  5 spriggans (Depths:2)
  14 naga sharpshooters
  13 deep elf knights
  5 hell knights (Depths:1)
  12 sea snakes
  16 skeletal warriors
  7 iron trolls
  3 salamander mystics
  3 wizards
  3 unseen horrors
  A glowing orange brain (shapeshifter) (Elf:1)
  48 deep trolls
  3 glowing orange brains
  A tengu zombie (Depths:1)
  A golden dragon zombie (Depths:1)
  Pikel (D:9)
  13 deep elf archers
  6 naga ritualists
  A phantasmal warrior (Vaults:2)
  8 orc knights
  18 ironbrand convokers
  30 harpies
  14 mana vipers
  4 necromancers
  71 deep elf magi
  A golden dragon skeleton (Depths:1)
  5 orc sorcerers
  5 wolf spiders
  A salamander (shapeshifter) (Vaults:2)
  An oklob plant (D:14)
  15 salamanders
  A sphinx skeleton (Vaults:1)
  A stone giant zombie (Abyss:3)
  74 ugly things
  An elephant (shapeshifter) (Elf:3)
  13 manticores
  5 fauns
  15 elephants
  A stone giant skeleton (Vaults:1)
  5 cyclopes
  2 frost giant skeletons
  10 guardian serpents
  28 moths of wrath
  10 merfolk sirens
  A fire giant skeleton (Depths:2)
  A moth of wrath (shapeshifter) (Vaults:3)
  A worldbinder (Abyss:3)
  A centaur zombie (D:15)
  A rust devil (Depths:3)
  32 black mambas
  A black mamba (shapeshifter) (Vaults:3)
  4 water nymphs
  Maurice (D:12)
  14 naga magi
  2 gargoyles
  An orange demon (Abyss:3)
  10 vault sentinels
  A smoke demon (Abyss:3)
  A hellion (Depths:1)
  7 spiny frogs
  A kobold demonologist (Abyss:3)
  53 yaktaurs
  A rime drake (shapeshifter) (Depths:4)
  2 rime drakes (Lair:2)
  A yaktaur (shapeshifter) (D:14)
  5 freezing wraiths
  11 komodo dragons
  An elf skeleton (Depths:2)
  2 spriggan skeletons
  A hellwing (Depths:1)
  2 ancient zymes (Abyss:3)
  6 tengu conjurers
  6 trolls
  A red devil (Depths:3)
  A queen bee (D:14)
  9 hornets
  2 merfolk (shapeshifter) (Vaults:5)
  6 meliai (D:14)
  A queen bee (shapeshifter) (Vaults:2)
  30 merfolk
  A tengu simulacrum (Depths:2)
  2 wind drakes
  A meliai (shapeshifter) (D:13)
  2 wind drakes (shapeshifter)
  14 hippogriffs
  18 slime creatures
  2 jumping spiders (shapeshifter)
  24 blink frogs
  8 snapping turtles
  7 dream sheep
  A raiju (Abyss:3)
  2 fire dragon zombies
  A slime creature (shapeshifter) (Vaults:3)
  A fire giant simulacrum (Vaults:3)
  18 water elementals
  An ice dragon skeleton (Abyss:3)
  4 vampires
  30 yaks
  A shadow (D:14)
  A ynoxinul (Abyss:3)
  4 air elementals
  8 wraiths
  6 redbacks
  A basilisk (D:11)
  9 small abominations
  An elf zombie (Vaults:1)
  A spriggan simulacrum (Depths:2)
  3 hungry ghosts
  6 vampire mosquitoes
  A neqoxec (Abyss:3)
  4 two-headed ogre zombies (WizLab)
  7 wargs
  11 water moccasins
  53 nagas
  2 soldier ants (D:14)
  2 acid dragons
  A floating eye (shapeshifter) (Vaults:5)
  8 porcupines
  A floating eye (Depths:3)
  6 ice beasts
  8 large abominations
  A black bear (shapeshifter) (Depths:2)
  41 orc warriors
  8 sky beasts
  2 slaves (D:9)
  A swamp drake (D:11)
  A necrophage (D:5)
  An eye of draining (D:15)
  33 ogres
  12 wolves
  2 boggarts (Depths:1)
  14 centaurs
  A centaur (shapeshifter) (Vaults:4)
  7 crocodiles
  An elf simulacrum (Depths:3)
  7 big kobolds
  13 bullfrogs
  Blork the orc (D:4)
  8 gnoll sergeants (Bailey)
  An earth elemental (Elf:3)
  A yaktaur skeleton (Vaults:1)
  A wyvern skeleton (D:11)
  4 scorpions
  9 troll zombies (WizLab)
  A human simulacrum (Vaults:1)
  41 killer bees
  17 wights
  An electric eel (Lair:1)
  12 crimson imps
  3 bullfrog zombies
  9 hounds
  4 quasits
  8 jellies
  3 bullfrog skeletons
  21 orc priests
  6 gnoll shamans (Bailey)
  7 centaur skeletons
  An iron imp (Abyss:3)
  2 iguanas
  Natasha (thrice) (D:3)
  31 orc wizards
  15 worker ants
  5 ogre zombies (WizLab)
  3 worker ant zombies
  27 adders
  22 gnolls
  6 shadow imps
  A white imp (Depths:5)
  7 oozes
  2 adder zombies
  5 worms
  5 dart slugs
  6 leopard geckos
  130 orcs
  4 giant cockroaches
  17 goblins
  6 hobgoblins
  5 jackals
  7 quokkas
  7 ball pythons
  8 bats
  6 frilled lizards
  2 jackal skeletons
  A jackal zombie (D:6)
  26 kobolds
  2 leopard gecko zombies
  A quokka skeleton (D:6)
  A quokka zombie (D:5)
  8 rats
  2 crawling corpses (Elf:3)
  8 fungi
  19 plants
  A starspawn tentacle (Abyss:3)
  A tentacle (Shoals:3)
2377 creatures vanquished.

Vanquished Creatures (collateral kills)
  An ancient lich (WizLab)
  2 golden dragons
  A tentacled monstrosity (Vaults:5)
  2 deep elf blademasters (Elf:3)
  2 quicksilver dragons
  Gastronok (Lair:3)
  A frost giant (Depths:5)
  An orc warlord (Orc:2)
  A deep elf sorcerer (Elf:3)
  A nagaraja (Snake:4)
  A vault warden (Vaults:3)
  2 deep elf elementalists (Elf:3)
  A spriggan defender (Depths:2)
  A draconian stormcaller (Zot:1)
  A draconian annihilator (Zot:1)
  An ironheart preserver (Vaults:4)
  A green draconian (Depths:5)
  A very ugly thing (Vaults:5)
  A black draconian (Zot:1)
  2 white draconians
  A deep elf annihilator (Elf:3)
  A red draconian (Zot:1)
  A crystal guardian (Vaults:4)
  2 fire dragons
  4 merfolk javelineers (Shoals:4)
  2 yaktaur captains
  Fannar (Lair:2)
  A great orb of eyes (Depths:5)
  5 vault guards (Vaults:5)
  An ice dragon (D:11)
  A spriggan air mage (Depths:5)
  5 two-headed ogres (Vaults:4)
  3 ogre magi (Vaults:4)
  A deep troll shaman (Depths:5)
  An orc high priest (Orc:2)
  A tengu warrior (Depths:2)
  A dancing weapon (Elf:2)
  2 deep elf knights
  A spriggan (Depths:2)
  5 naga ritualists (Snake:4)
  A deep troll (Depths:5)
  2 deep elf archers
  A harpy (Vaults:4)
  4 orc knights
  5 ugly things
  7 deep elf magi
  3 orc sorcerers (Orc:2)
  A salamander (Snake:4)
  A moth of wrath (Zot:1)
  3 naga magi (Snake:4)
  2 guardian serpents (Snake:4)
  A guardian serpent (shapeshifter) (Depths:4)
  A spiny frog (Lair:3)
  4 yaktaurs
  A freezing wraith (Vaults:3)
  A troll (Orc:2)
  2 polar bears (D:11)
  A merfolk (Shoals:4)
  A hornet (Depths:2)
  2 fire elementals (Elf:3)
  A soldier ant (D:15)
  5 nagas (Snake:4)
  2 wargs
  10 orc warriors
  5 ogres
  An earth elemental (Elf:1)
  A quasit (Abyss:3)
  A jelly (D:11)
  An orc priest (Orc:2)
  An orc wizard (Orc:2)
  9 orcs
146 creatures vanquished.

Vanquished Creatures (others)
  A tentacled monstrosity (Zot:3)
  3 deep elf master archers (Elf:3)
  A storm dragon (Vaults:5)
  A stone giant (Depths:2)
  A white draconian (Zot:1)
  2 merfolk javelineers
  3 yaktaur captains
  2 centaur warriors
  3 naga sharpshooters
  A vampire mage (Depths:3)
  3 deep elf archers
  A wizard (D:13)
  2 fauns
  A moth of wrath (Zot:5)
  13 yaktaurs
  6 humans (D:12)
  A steam dragon (D:12)
  A floating eye (Depths:5)
  A slave (D:9)
  2 boggarts (Depths:1)
  7 centaurs
  A worker ant (D:9)
  An adder (D:9)
  An orc (D:9)
  A quokka (D:9)
  5 fungi
  7 plants
  7 starspawn tentacles (Abyss:3)
  7 tentacles (Shoals:3)
86 creatures vanquished.

Grand Total: 2609 creatures vanquished

Notes
Turn   | Place    | Note
-------+----------+-------------------------------------------
     0 | D:1      | Skuilla the Minotaur Berserker began the quest for the Orb.
     0 | D:1      | Reached XP level 1. HP: 19/19 MP: 0/0
   179 | D:1      | Upgraded the game from 0.23-a0-458-g93a6ea9 to
                  | 0.23-a0-470-g6f7cfd9
   306 | D:1      | Reached XP level 2. HP: 27/27 MP: 1/1
   860 | D:1      | Reached XP level 3. HP: 33/33 MP: 2/2
  1028 | D:2      | Found an ornate altar of the Wu Jian Council.
  1034 | D:2      | Reached ** piety under Trog
  1522 | D:2      | Reached XP level 4. HP: 40/40 MP: 3/3
  2307 | D:3      | Noticed Natasha
  2317 | D:3      | Reached XP level 5. HP: 41/47 MP: 4/4
  2480 | D:3      | Killed Natasha
  2576 | D:3      | Noticed Natasha
  2581 | D:3      | Killed Natasha
  2634 | D:3      | Noticed Natasha
  2642 | D:3      | Killed Natasha
  2642 | D:3      | Reached skill level 5 in Axes
  2663 | D:3      | Reached skill level 5 in Fighting
  2682 | D:3      | Found a shadowy altar of Dithmenos.
  2829 | D:3      | Reached *** piety under Trog
  2870 | D:3      | Reached XP level 6. HP: 55/56 MP: 5/5
  3208 | D:4      | Noticed Blork the orc
  3215 | D:4      | Killed Blork the orc
  3678 | D:4      | Found a stormy altar of Qazlal.
  4003 | D:5      | Entered Level 5 of the Dungeon
  4161 | D:5      | Found a glowing drain.
  4181 | D:5      | Received a gift from Trog
  4181 | D:5      | Reached XP level 7. HP: 62/62 MP: 6/6
  4218 | Sewer    | Entered a sewer
  4227 | Sewer    | Reached skill level 5 in Armour
  5139 | D:5      | Found a staircase to the Ecumenical Temple.
  5197 | D:5      | Reached skill level 5 in Dodging
  5421 | D:5      | Found Gygat's Jewellery Shoppe.
  5493 | D:5      | Reached XP level 8. HP: 40/71 MP: 7/7
  5507 | D:5      | Reached **** piety under Trog
  5990 | D:5      | Reached skill level 1 in Shields
  5992 | D:5      | Received a gift from Trog
  6405 | D:5      | Found a sacrificial altar of Ru.
  7397 | D:6      | Reached XP level 9. HP: 76/80 MP: 8/8
  7858 | D:7      | Found a hide-covered altar of Uskayaw.
  7964 | D:7      | Identified the ring "Erunu" {rCorr rC- rN+ MR+}
  7978 | D:7      | Found a sparkling altar of Nemelex Xobeh.
  8527 | D:7      | Got an ancient trident
  8528 | D:7      | Identified the +10 trident "Nyorgh Puph" {pain, *Slow rN+
                  | Str+4 Dex+3} (You found it on level 7 of the Dungeon)
  8558 | D:7      | Found a blossoming altar of Fedhas.
  8938 | D:7      | Found a glowing golden altar of the Shining One.
  9012 | D:7      | Reached skill level 1 in Polearms
  9292 | D:8      | Reached skill level 5 in Shields
  9371 | D:8      | Noticed a two-headed ogre
  9390 | D:7      | Reached ***** piety under Trog
  9553 | D:7      | Killed a two-headed ogre
  9553 | D:7      | Reached XP level 10. HP: 81/90 MP: 9/9
  9750 | D:8      | Got a scorched war axe
  9752 | D:8      | Identified the +5 war axe of Generosity {flame, rElec rPois
                  | rN++ MP+9} (You found it on level 8 of the Dungeon)
  9849 | D:8      | Found a hazy altar of Hepliaklqana.
 10120 | D:9      | Identified 2 scrolls of acquirement
 10320 | D:9      | Noticed Pikel
 10337 | D:9      | Killed Pikel
 10703 | D:9      | Found a shimmering altar of Xom.
 10704 | D:9      | Found an ancient bone altar of Kikubaaqudgha.
 11012 | D:9      | Received a gift from Trog
 11022 | D:9      | Reached skill level 10 in Axes
 11076 | D:9      | Noticed a three-headed hydra
 11082 | D:9      | Killed a three-headed hydra
 11082 | D:9      | Reached XP level 11. HP: 99/99 MP: 10/10
 11294 | D:10     | Entered Level 10 of the Dungeon
 11294 | D:10     | Noticed a two-headed ogre
 11308 | D:9      | Killed a two-headed ogre
 11308 | D:9      | Reached skill level 10 in Fighting
 11613 | D:10     | Reached skill level 10 in Armour
 12203 | D:11     | Received a gift from Trog
 12319 | D:11     | You fall through a shaft!
 12319 | D:12     | Noticed Kirke
 12319 | D:12     | Noticed a centaur warrior
 12480 | D:12     | Noticed a six-headed hydra
 12502 | D:12     | Killed a six-headed hydra
 12567 | D:12     | Killed a centaur warrior
 12712 | D:12     | Noticed Maurice
 12730 | D:12     | Killed Kirke
 12744 | D:12     | Killed Maurice
 12780 | D:12     | Found a roughly hewn altar of Beogh.
 13035 | D:12     | Reached XP level 12. HP: 104/108 MP: 11/11
 13400 | D:12     | Upgraded the game from 0.23-a0-470-g6f7cfd9 to
                  | 0.23-a0-473-gc8aadda
 13468 | D:11     | Found a staircase to the Lair.
 13552 | D:11     | Found a large runed door.
 13553 | D:11     | Found a large runed door.
 13573 | D:11     | Found a basalt altar of Yredelemnul.
 13573 | D:11     | Noticed a yaktaur captain
 13579 | D:11     | Killed a yaktaur captain
 13619 | D:11     | Found an ancient bone altar of Kikubaaqudgha.
 13627 | D:11     | Reached skill level 10 in Dodging
 13855 | D:11     | Found a hazy altar of Hepliaklqana.
 13887 | D:11     | Noticed an ice dragon
 13910 | D:11     | Killed an ice dragon
 14307 | D:11     | Reached ****** piety under Trog
 14310 | D:11     | Received a gift from Trog
 14325 | D:11     | Found a staircase to the Orcish Mines.
 14554 | Lair:1   | Entered Level 1 of the Lair of Beasts
 14998 | Lair:1   | Noticed an eight-headed hydra
 15014 | Lair:1   | Killed an eight-headed hydra
 15477 | Lair:2   | Noticed a seven-headed hydra
 15497 | Lair:2   | Killed a seven-headed hydra
 15766 | Lair:2   | Noticed Erica
 15773 | Lair:2   | Killed Erica
 16021 | Lair:2   | Noticed Fannar
 16028 | Lair:2   | Killed Fannar
 16104 | Lair:2   | Found a staircase to the Shoals.
 16106 | Lair:2   | Reached skill level 10 in Shields
 16109 | Lair:2   | Reached XP level 13. HP: 108/117 MP: 12/12
 16604 | Lair:3   | Noticed Gastronok
 16625 | Lair:3   | Killed Gastronok
 16775 | Lair:3   | Got a crude ring mail
 16786 | Lair:3   | Identified the +3 ring mail of Responsibility {rElec rPois
                  | Regen+ Str-5} (You found it on level 3 of the Lair of
                  | Beasts)
 16815 | Lair:3   | Found a staircase to the Snake Pit.
 18472 | Lair:4   | Received a gift from Trog
 18481 | Lair:4   | Found a basalt altar of Yredelemnul.
 18917 | Lair:5   | Got a scorched scale mail
 19030 | Lair:5   | Reached skill level 15 in Axes
 19506 | Lair:6   | Entered Level 6 of the Lair of Beasts
 19532 | Lair:6   | Reached XP level 14. HP: 104/127 MP: 13/13
 19979 | Lair:6   | Found a runed door.
 19986 | Lair:6   | Found a viscous altar of Jiyva.
 19986 | Lair:6   | Found a staircase to the Slime Pits.
 21258 | Lair:6   | Identified the +0 scale mail of the Kettle-Drum {Regen+
                  | rCorr Int+3} (You found it on level 5 of the Lair of
                  | Beasts)
 21767 | D:13     | Received a gift from Trog
 21871 | D:13     | Found a gate to the Vaults.
 22503 | D:13     | Found a bloodstained altar of Trog.
 22983 | Orc:1    | Entered Level 1 of the Orcish Mines
 23345 | Orc:1    | Found a flagged portal.
 23418 | Bailey   | Entered a bailey
 23754 | Bailey   | Got a warped rapier
 23755 | Bailey   | Identified the +4 rapier "Kinijuhe" {flame, Int+5 Dex+2
                  | Stlth+} (You found it in a bailey)
 23920 | Orc:1    | Received a gift from Trog
 24139 | Orc:2    | Entered Level 2 of the Orcish Mines
 24150 | Orc:2    | Found Idumorph's Book Shop.
 24156 | Orc:2    | Found Nixorgh's General Store.
 24197 | Orc:2    | Noticed an orc warlord
 24198 | Orc:2    | Found Hasos's Book Shoppe.
 24204 | Orc:2    | Noticed Donald
 24216 | Orc:2    | Killed an orc warlord
 24457 | Orc:2    | Killed Donald
 24744 | Orc:2    | Noticed an orc warlord
 24765 | Orc:2    | Killed an orc warlord
 25227 | Orc:2    | Found a staircase to the Elven Halls.
 25340 | Orc:2    | Found Vuint's Antique Armour Emporium.
 25383 | Orc:2    | Reached XP level 15. HP: 130/137 MP: 14/14
 25540 | Orc:2    | Found Tacvaimi's Antique Weapon Emporium.
 25572 | Orc:2    | Found a roughly hewn altar of Beogh.
 25878 | Orc:2    | Bought the +2 shield of Resistance {rF+ rC+ MR+} for 1191
                  | gold pieces
 25878 | Orc:2    | Found the +2 shield of Resistance {rF+ rC+ MR+}
 26717 | D:14     | Found a hazy altar of Hepliaklqana.
 27153 | D:14     | Received a gift from Trog
 27557 | D:14     | Found Tegust's Assorted Antiques.
 27666 | D:14     | Found Takiatso's Armour Shoppe.
 28556 | D:15     | Entered Level 15 of the Dungeon
 28821 | D:15     | Found a staircase to the Depths.
 28828 | D:15     | Received a gift from Trog
 29395 | D:15     | Upgraded the game from 0.23-a0-473-gc8aadda to
                  | 0.23-a0-480-g1869896
 29527 | Snake:1  | Entered Level 1 of the Snake Pit
 30051 | Snake:1  | Reached skill level 15 in Shields
 30644 | Snake:2  | Reached skill level 15 in Fighting
 30714 | Snake:2  | Noticed Saint Roka
 31149 | Snake:2  | Noticed a nagaraja
 31201 | Snake:2  | Killed a nagaraja
 31201 | Snake:2  | Reached XP level 16. HP: 149/149 MP: 15/15
 31276 | Snake:2  | Reached skill level 15 in Armour
 31283 | Snake:2  | Killed Saint Roka
 32174 | Snake:2  | Received a gift from Trog
 33418 | Snake:3  | Reached skill level 15 in Dodging
 34019 | Snake:4  | Entered Level 4 of the Snake Pit
 34019 | Snake:4  | Noticed Roxanne
 34277 | Snake:4  | Received a gift from Trog
 34575 | Snake:4  | Reached XP level 17. HP: 123/160 MP: 16/16
 35016 | Snake:4  | Received a gift from Trog
 35915 | Snake:4  | Got a serpentine rune of Zot
 36523 | Snake:4  | Noticed Vashnia
 36540 | Snake:4  | Received a gift from Trog
 36571 | Snake:4  | Killed Vashnia
 36807 | Snake:4  | Found Nil Qero's Jewellery Boutique.
 36808 | Snake:4  | Found Nischil's Gadget Emporium.
 36810 | Snake:4  | Found Hats's Jewellery Boutique.
 36828 | Snake:4  | Bought the ring of the Mage {Wiz MR++ Int+3} for 930 gold
                  | pieces
 36828 | Snake:4  | Found the ring of the Mage {Wiz MR++ Int+3}
 37237 | Shoals:1 | Entered Level 1 of the Shoals
 38245 | Shoals:1 | Found a runed door.
 38247 | Shoals:1 | Noticed Inuluch's ghost (adept MfBe)
 39047 | Shoals:2 | Reached XP level 18. HP: 172/172 MP: 17/17
 39929 | Shoals:3 | Found an iron altar of Okawaru.
 40023 | Shoals:3 | Found Kuerr's Magic Scroll Shoppe.
 40047 | Shoals:3 | Received a gift from Trog
 40948 | Shoals:3 | Noticed Nikola
 40967 | Shoals:3 | Killed Nikola
 41025 | Shoals:3 | Noticed Ilsuiw
 41107 | Shoals:3 | Killed Ilsuiw
 41888 | Shoals:4 | Entered Level 4 of the Shoals
 42343 | Shoals:4 | Found a flickering gateway to a bazaar.
 42356 | Bazaar   | Entered a bazaar
 42394 | Bazaar   | Found Tigugul's Distillery.
 42423 | Bazaar   | Found Mushe's Distillery.
 42439 | Bazaar   | Found Caneumuk's Gadget Emporium.
 42462 | Bazaar   | Found Damul's Gadget Emporium.
 42618 | Shoals:4 | Received a gift from Trog
 42891 | Shoals:4 | Found the +6 arbalest "Damnation" {damnation}
 43362 | Shoals:4 | Identified the Volume of Sinister Shape Shifting
 43554 | Shoals:4 | Got an ancient glaive
 43649 | Shoals:4 | Got a barnacled rune of Zot
 43978 | Vaults:1 | Entered Level 1 of the Vaults
 44375 | Vaults:1 | Received a gift from Trog
 45163 | Vaults:1 | Reached XP level 19. HP: 146/183 MP: 18/18
 46843 | Vaults:2 | Received a gift from Trog
 47423 | Vaults:2 | Found Kaammir's Antique Weapon Boutique.
 47437 | Vaults:2 | Bought a dazzling broad axe for 243 gold pieces
 47437 | Vaults:2 | Identified the +3 broad axe "Kocsicesm" {chaos, *Corrode
                  | +Fly rN+ Dex+4 SInv} (You bought it in a shop on level 2 of
                  | the Vaults)
 47740 | Vaults:2 | Found Hacaas's Distillery.
 48297 | Vaults:2 | Found a staircase to the Crypt.
 49983 | Vaults:3 | HP: 7/187 [crystal guardian/crystal bolt (18)]
 50213 | Vaults:3 | Reached XP level 20. HP: 124/195 MP: 19/19
 50987 | Vaults:3 | Received a gift from Trog
 52311 | Vaults:4 | Received a gift from Trog
 52368 | Vaults:4 | Got a scorched dagger {god gift}
 52370 | Vaults:4 | Identified the +4 dagger of the Vendetta {holy, rElec Str-2
                  | SInv} (Trog gifted it to you on level 4 of the Vaults)
 52510 | Vaults:4 | Found Gadag's Food Boutique.
 52527 | Vaults:4 | Bought a ration for 50 gold pieces
 52527 | Vaults:4 | Bought a ration for 50 gold pieces
 52527 | Vaults:4 | Bought a ration for 50 gold pieces
 52527 | Vaults:4 | Bought a ration for 50 gold pieces
 52527 | Vaults:4 | Bought a ration for 50 gold pieces
 53286 | Vaults:4 | Received a gift from Trog
 53348 | Vaults:4 | Cast into level 3 of the Abyss (a distortion unwield)
 53690 | Abyss:3  | Noticed a profane servitor
 53692 | Abyss:3  | Noticed an ancient lich
 53922 | Abyss:3  | Gained mutation: You are frail. (-10% HP) [a neqoxec]
 54007 | Vaults:4 | Escaped the Abyss
 54561 | Vaults:4 | Upgraded the game from 0.23-a0-480-g1869896 to
                  | 0.23-a0-481-g60b89c1
 54843 | Elf:1    | Entered Level 1 of the Elven Halls
 54870 | Elf:1    | Found a radiant altar of Vehumet.
 54894 | Elf:1    | Reached XP level 21. HP: 139/185 MP: 20/20
 55708 | Elf:1    | Found Qoudenk's Antique Armour Shop.
 55718 | Elf:1    | Bought a glowing large shield for 270 gold pieces
 56217 | Elf:1    | Received a gift from Trog
 56311 | Elf:2    | Found Reazax's Antique Weapon Boutique.
 56374 | Elf:2    | Found a magical portal.
 56396 | WizLab   | Entered Zonguldrok's Shrine
 56925 | WizLab   | Noticed an antique lich
 56937 | WizLab   | Killed an antique lich
 56982 | WizLab   | Found the +9 sword of Zonguldrok {reap}
 57459 | Elf:2    | Found a runed gate.
 57467 | Elf:2    | Found a runed gate.
 57467 | Elf:2    | Found a runed gate.
 58699 | Elf:3    | Entered Level 3 of the Elven Halls
 58910 | Elf:3    | Received a gift from Trog
 59284 | Elf:3    | Identified the ring of the Heavens {Wiz rPois}
 59291 | Elf:3    | Identified the +7 long sword of Unreason {drain, rPois
                  | rF++}
 60376 | Elf:3    | Identified the cursed +1 robe of Impermeability {rF+ MR+
                  | Slay-4}
 60382 | Elf:3    | Identified the cursed +1 plate armour of Zaken {rCorr Str+7
                  | Dex-4}
 60714 | Elf:3    | Received a gift from Trog
 61282 | Elf:3    | Reached XP level 22. HP: 138/198 MP: 21/21
 61285 | Elf:3    | Reached XP level 23. HP: 144/204 MP: 22/22
 62478 | Elf:3    | Upgraded the game from 0.23-a0-481-g60b89c1 to
                  | 0.23-a0-484-g29ba69c
 62801 | Depths:1 | Entered Level 1 of the Depths
 63267 | Depths:1 | Received a gift from Trog
 64501 | Depths:1 | Found a gateway to Hell.
 64656 | Depths:1 | Found a one-way gate to the infinite horrors of the Abyss.
 64929 | Depths:2 | Found a one-way gate leading to the halls of Pandemonium.
 67787 | Depths:2 | Noticed a juggernaut
 67799 | Depths:2 | Killed a juggernaut
 67799 | Depths:2 | Reached XP level 24. HP: 215/215 MP: 22/22
 68831 | Depths:3 | Paralysed by a floating eye for 4 turns
 68846 | Depths:3 | Received a gift from Trog
 69141 | Depths:3 | Identified the ring "Fyiheyr" {rElec SInv}
 69145 | Depths:3 | Noticed a juggernaut
 69664 | Depths:3 | Killed a juggernaut
 69770 | Depths:3 | Identified the ring of the Rose {rPois rN+++ Str+4 Dex-3
                  | Slay+3}
 70623 | Depths:3 | Got a fine ruby amulet
 70653 | Depths:3 | Got a clouded granite ring
 70672 | Depths:3 | Identified the amulet "Giggyrhida" {+Rage Str+4} (You found
                  | it on level 3 of the Depths)
 70673 | Depths:3 | Identified the ring of Gopp {rF- MP+9 Str+4 Int-4 Stlth+}
                  | (You found it on level 3 of the Depths)
 70732 | Depths:3 | Received a gift from Trog
 71658 | Depths:4 | Found an iron altar of Okawaru.
 71672 | Depths:4 | Found a gateway to a ziggurat.
 72049 | Depths:4 | Identified Sif Muna's Guide on Flying Transformation
 72073 | Depths:4 | Noticed a juggernaut
 72087 | Depths:4 | Identified the +8 morningstar "Hoz Woy" {crush, rN+}
 72088 | Depths:4 | Killed a juggernaut
 72088 | Depths:4 | Reached XP level 25. HP: 225/225 MP: 22/22
 72963 | Depths:5 | Entered Level 5 of the Depths
 73003 | Depths:5 | Paralysed by a floating eye for 3 turns
 73712 | Depths:5 | Noticed a juggernaut
 73725 | Depths:4 | Received a gift from Trog
 74137 | Depths:5 | Killed a juggernaut
 74236 | Depths:5 | Found a gate to the Realm of Zot.
 74841 | Depths:5 | Upgraded the game from 0.23-a0-484-g29ba69c to
                  | 0.23-a0-488-g5fd82c5
 75724 | Vaults:5 | Entered Level 5 of the Vaults
 76265 | Vaults:5 | Received a gift from Trog
 76473 | Vaults:5 | Identified the ring of Iroz Hoo {+Fly rPois rF+ Stlth+}
 76654 | Vaults:5 | Reached XP level 26. HP: 217/237 MP: 22/22
 77339 | Vaults:5 | Received a gift from Trog
 77485 | Vaults:5 | Reached skill level 27 in Fighting
 77796 | Vaults:5 | Got a silver rune of Zot
 78130 | Vaults:5 | Reached skill level 27 in Armour
 78255 | Vaults:5 | Found Toyczigyxyu's Magic Scroll Shop.
 78276 | Vaults:5 | Bought a scroll of teleportation for 60 gold pieces
 78276 | Vaults:5 | Bought a scroll of summoning for 190 gold pieces
 78276 | Vaults:5 | Bought a scroll of blinking for 150 gold pieces
 78744 | Vaults:4 | Bought a ration for 50 gold pieces
 78744 | Vaults:4 | Bought a ration for 50 gold pieces
 78744 | Vaults:4 | Bought a ration for 50 gold pieces
 78744 | Vaults:4 | Bought a ration for 50 gold pieces
 78744 | Vaults:4 | Bought a ration for 50 gold pieces
 78744 | Vaults:4 | Bought a ration for 50 gold pieces
 78744 | Vaults:4 | Bought a ration for 50 gold pieces
 78871 | Vaults:2 | Bought a potion of haste for 140 gold pieces
 78871 | Vaults:2 | Bought 2 potions of heal wounds for 140 gold pieces
 80227 | Zot:1    | Entered Level 1 of the Realm of Zot
 80668 | Zot:1    | Received a gift from Trog
 81897 | Zot:2    | Found a transporter.
 81921 | Zot:2    | Found a transporter.
 82999 | Zot:2    | Reached skill level 27 in Dodging
 83759 | Zot:2    | Reached XP level 27. HP: 239/245 MP: 22/22
 84435 | Zot:3    | Noticed an orb of fire
 84441 | Zot:3    | Gained mutation: You are very frail. (-20% HP) [an orb of
                  | fire]
 84458 | Zot:3    | Gained mutation: Armour fits poorly on your strangely
                  | shaped body. [an orb of fire]
 84461 | Zot:3    | Killed an orb of fire
 85100 | Zot:3    | Received a gift from Trog
 88534 | Zot:5    | Entered Level 5 of the Realm of Zot
 88907 | Zot:5    | Noticed an orb of fire
 88916 | Zot:5    | Gained mutation: You occasionally shout uncontrollably at
                  | your foes. [an orb of fire]
 88917 | Zot:5    | Gained mutation: Your body sometimes deteriorates upon
                  | taking damage. [an orb of fire]
 88927 | Zot:5    | Killed an orb of fire
 89135 | Zot:5    | Noticed an ancient lich
 89147 | Zot:5    | Killed an ancient lich
 89932 | Zot:5    | Noticed an orb of fire
 89945 | Zot:5    | Gained mutation: Scrolls take you a little longer to read.
                  | [an orb of fire]
 89964 | Zot:5    | Gained mutation: You are weak. (Str -2) [an orb of fire]
 90115 | Zot:5    | Killed an orb of fire
 90856 | Zot:5    | Noticed an orb of fire
 90879 | Zot:5    | Killed an orb of fire
 91091 | Zot:5    | Noticed an orb of fire
 91092 | Zot:5    | Noticed an orb of fire
 91092 | Zot:5    | Noticed an orb of fire
 91102 | Zot:5    | Gained mutation: You are dopey. (Int -2) [an orb of fire]
 91104 | Zot:5    | Gained mutation: Scrolls take you longer to read. [an orb
                  | of fire]
 91106 | Zot:5    | Gained mutation: You are occasionally teleported next to
                  | monsters. [an orb of fire]
 91108 | Zot:5    | Noticed an orb of fire
 91203 | Zot:5    | Noticed an ancient lich
 91226 | Zot:5    | Killed an ancient lich
 91382 | Zot:5    | Noticed an orb of fire
 91399 | Zot:5    | Gained mutation: Your body often deteriorates upon taking
                  | damage. [an orb of fire]
 91412 | Zot:5    | Gained mutation: You sometimes yell uncontrollably at your
                  | foes. [an orb of fire]
 91414 | Zot:5    | Gained mutation: You are sometimes teleported next to
                  | monsters. [an orb of fire]
 91416 | Zot:5    | Gained mutation: Your spells are a little easier to cast,
                  | but a little less powerful. [an orb of fire]
 91421 | Zot:5    | Noticed an ancient lich
 91421 | Zot:5    | Noticed an ancient lich
 91421 | Zot:5    | Noticed an ancient lich
 91427 | Zot:5    | Noticed an orb of fire
 91427 | Zot:5    | Collided with a golden dragon

Vault maps used:
D:1:      wander_arrival_desolate, corexii_corridor_pit
D:2:      old_standard_altar, chequers_hall_statues_corner_a,
          minmay_misc_feat_more_columns
D:3:      nicolae_dithmenos_shadow_blocks, uniq_natasha
D:4:      grunt_qazlal_clouds, uniq_blork_the_orc
D:5:      kennysheep_spiral_hall, kennysheep_little_box,
          minmay_temple_entry_wispy, serial_shops, nicolae_shop_crystal,
          first_ration, gup_sewer_entry_glass
D:7:      fedhas_altar_1, gammafunk_temple_overflow_forgotten
D:8:      old_standard_altar, kennysheep_generic_room_14
D:9:      gammafunk_temple_overflow_statue, hangedman_ranch, uniq_pikel
D:11:     lair_entry_dummy, erik_orc_1, basic_altar,
          portal_ice_cave_entry_animals_and_master, jmf_multi_god_temple2
D:12:     david_defended_altar_orc, uniq_maurice, uniq_kirke
D:13:     david_vaults_1, nrook_campfire, trog_wizard
D:14:     minmay_skewed_foursquare, special_room, serial_shops,
          nicolae_shop_overgrown_old_shop, kennysheep_mini_moat,
          lemuel_oklob_altar
D:15:     hangedman_depths_entry_civil_slaughter
Lair:1:   chequers_serial_rivers_micro_e, beast_lair_carwin_9,
          lemuel_fruit_fields, lemuel_fruit_tree, serial_bayou_shore_a
Lair:2:   minmay_shoals_entry_centaurs, uniq_erica, uniq_fannar
Lair:3:   dummy_snake_entry, uniq_gastronok
Lair:4:   basic_altar, serial_bayou_shore_b, grunt_megastairs_1
Lair:5:   nicolae_lair_yak_garden, infiniplex_staircase_pool_2
Lair:6:   due_jungle_book, slime_altar_2, serial_bayou_shore_b,
          minmay_lair_oklob_chamber, grunt_megastairs_5
Shoals:1: gammafunk_ghost_grave, centaur_isle
Shoals:2: nicolae_shoals_island_circles
Shoals:3: serial_shops, shop_scrolls, wheals_shoals_ruined_temple, uniq_ilsuiw,
          uniq_nikola
Shoals:4: shoals_end_simple, serial_shops, bzr_in_the_mist
Snake:1:  library_closet
Snake:2:  grunt_ministairs_7, uniq_saint_roka
Snake:4:  johnstein_snake_rune_scales, minmay_shop_grove, uniq_roxanne,
          uniq_vashnia
Orc:1:    lightli_bailey_entry_fortress, statue_in_the_mist_lemuel
Orc:2:    grunt_orc_gardens, grunt_orc_garden, grunt_orc_garden,
          grunt_orc_garden, grunt_orc_garden, serial_shops, shop, basic_altar,
          rock_pile, uniq_donald
Elf:1:    eino_elf_arrival_altar, serial_shops, shop, minmay_elf_demonology
Elf:2:    serial_shops, nicolae_shop_behind_doors, mu_enter_wizlab_1
Elf:3:    minmay_elf_hall_not_hex
Vaults:1: vaults_mumra_chevron_long, serial_ice_b, hangedman_vaults_hat,
          v_rooms_6, vaults_mumra_lcd, v_rooms_1, ontoclasm_vaults_hangar,
          ontoclasm_vaults_spin, v_misc_13, vaults_room_semicircle
Vaults:2: minmay_crypt_entry_simple_round, nicolae_vaults_arrows,
          nicolae_vaults_little_squares_3, vaults_room_semicircle,
          nicolae_vaults_bisected_slash, hangedman_vaults_snaps,
          dpeg_vaults_monster_box, nicolae_vaults_network_barrier,
          nicolae_vaults_halls_meeting, vaults_dpeg_doors, vaults_room_fours,
          v_misc_26, ontoclasm_vaults_twist, vaults_room_hallway, serial_shops,
          nicolae_shop_behind_doors, nicolae_shop_window_shopping
Vaults:3: hangedman_vaults_capsules, vaults_dpeg_encased_lava,
          hangedman_vaults_restitches, nicolae_vaults_an_arrangement, v_rooms_2,
          nicolae_vaults_yaktaur_gun_rack, vaults_room_stairs_pillars,
          hangedman_vaults_unwind, nicolae_vaults_border_crossing,
          vaults_dpeg_ring
Vaults:4: nicolae_vaults_stairing_the_circle, vaults_dpeg_hooks,
          vaults_room_door_hall, v_misc_28, vaults_dpeg_cross,
          vaults_room_door_hall, ontoclasm_vaults_decontamination,
          nicolae_vaults_fighting_squares, serial_shops,
          nicolae_shop_window_shopping
Depths:1: abyss_entry_small_statue_room, hellmouth_1,
          minmay_misc_feat_nine_boxes, kennysheep_generic_room_7
Depths:2: grunt_runaround, hell_entry, pan_entry
Depths:3: minmay_the_grid_triangle_9x9_recursive_2_mashed, abyss_entry,
          minmay_misc_feat_rugged, grunt_mini_vestibule, pan_entry,
          chequers_serial_rivers_micro_b, skrybe_limestone_x,
          serial_bayou_shore_b, infiniplex_staircase_zigzag_3, firewood_loft
Depths:4: minmay_fractal_lines_corner, enter_ziggurat_c, abyss_entry,
          hell_entry, okawaru_ov_weapons_minmay, minivault_14,
          dk_noncrumbling_2, infiniplex_staircase_pool_1
Depths:5: grunt_crosshair, rand_demon_pan_entry_5, hell_entry,
          hangedman_decor_lopped, special_room, kilobyte_mutagenic_chamber
Zot:2:    gammafunk_sealed_arena, grunt_megastairs_2
Zot:3:    kennysheep_room_grid, hangedman_swamp_dais
Zot:5:    basic_stair_grate_trap
Bazaar:   dpeg_bazaar_wands
Sewer:    sewer_co_15_rooms
Bailey:   bailey_polearm_gnolls_kennysheep, bailey
WizLab:   wizlab_zonguldrok

Skill      XL: |  1  2  3  4  5  6  7  8  9 10 11 12 13 14 15 16 17 18 19 20 21 22 23 24 25 26 27 |
---------------+----------------------------------------------------------------------------------+-----
Axes           | 4 5 6 7 8 10 12 13 15 16 20 | 20.7
Fighting       | 4 5 6 7 8 9 10 11 12 13 15 16 18 19 20 21 23 24 25 26 27 | 27.0
Armour         | 3 4 6 7 8 9 10 11 12 13 14 16 18 19 20 21 22 23 24 25 26 27 | 27.0
Dodging        | 3 4 5 6 7 8 9 10 11 12 13 15 16 18 19 20 21 22 23 24 27 | 27.0
Shields        | 3 5 7 8 10 11 13 15 20 | 20.2
Polearms       | 3 4 |  4.5

Action                   |  1- 3 |  4- 6 |  7- 9 | 10-12 | 13-15 | 16-18 | 19-21 | 22-24 | 25-27 || total
-------------------------+-------+-------+-------+-------+-------+-------+-------+-------+-------++-------
Melee: Hand axe          |    83 |   160 |   329 |       |       |       |       |       |       ||   572
       Headbutt          |    13 |    25 |    84 |   121 |   351 |   409 |   515 |   482 |   817 ||  2817
       Trident           |       |       |    60 |    25 |    22 |       |       |       |       ||   107
       War axe           |       |       |       |   476 |  1175 |  1454 |  1483 |  1186 |  1975 ||  7749
       Flail             |       |       |       |    16 |       |       |       |       |       ||    16
       Broad axe         |       |       |       |       |       |       |   148 |       |       ||   148
Throw: Javelin           |       |     6 |       |     3 |       |       |     1 |     7 |     6 ||    23
       Tomahawk          |       |       |       |       |       |    14 |     8 |     8 |     2 ||    32
Invok: Berserk           |     1 |     5 |     8 |     9 |     8 |     6 |     8 |    23 |    36 ||   104
       Trog's Hand       |       |       |       |     3 |     9 |     5 |     6 |     1 |    11 ||    35
       Brothers in Arms  |       |       |       |     2 |     7 |     4 |    27 |     4 |    13 ||    57
Evoke: Wand              |       |       |       |       |     1 |       |     1 |       |       ||     2
  Use: Scroll            |     2 |    11 |     5 |     5 |     8 |     4 |     9 |    19 |     7 ||    70
       Potion            |       |     1 |       |       |       |     1 |     5 |     4 |    15 ||    26
 Stab: Distracted        |       |       |       |       |       |     3 |     2 |     4 |     1 ||    10
       Confused          |       |       |       |       |       |       |       |       |     2 ||     2
  Eat: Chunk             |     3 |    10 |    34 |    27 |    32 |    16 |    29 |    28 |    31 ||   210
       Ration            |       |     1 |     1 |     2 |     8 |    12 |    12 |     9 |    22 ||    67
Armor: Animal skin       |    16 |       |       |       |       |       |       |       |       ||    16
       Ring mail         |     3 |    49 |    72 |       |       |       |       |       |       ||   124
       Chain mail        |       |       |    49 |       |       |       |       |       |       ||    49
       Plate armour      |       |       |   100 |   187 |   303 |   341 |   324 |   202 |       ||  1457
       Gold dragon scale |       |       |       |       |       |       |       |    93 |   688 ||   781
Dodge: Dodged            |    50 |    88 |   159 |   175 |   326 |   560 |   657 |   522 |  1133 ||  3670
Block: Shield            |       |       |   135 |   328 |  1047 |  1631 |  1452 |  1048 |  1817 ||  7458
       Reflection        |       |       |       |     7 |    45 |   218 |   123 |    50 |    82 ||   525

Table legend:
 A = Non-vault XP
 B = Vault XP
 C = Vault XP percentage of total XP
 D = Non-vault monster count
 E = Vault monster count
 F = Vault count percentage of total count
                 A         B        C        D         E       F
            +---------+---------+-------+---------+---------+-------
      Total |  858314 |  768771 |  47.2 |    1592 |     942 |  37.2
            +---------+---------+-------+---------+---------+-------
        D:1 |      44 |       0 |   0.0 |      25 |       0 |   0.0
        D:2 |      84 |       0 |   0.0 |      23 |       0 |   0.0
        D:3 |     264 |      35 |  11.7 |      31 |       1 |   3.1
        D:4 |     110 |      90 |  45.0 |      11 |       1 |   8.3
        D:5 |    1048 |     368 |  26.0 |      32 |       8 |  20.0
        D:6 |     800 |       0 |   0.0 |      23 |       0 |   0.0
        D:7 |    2590 |       0 |   0.0 |      46 |       0 |   0.0
        D:8 |    1269 |       0 |   0.0 |      26 |       0 |   0.0
        D:9 |    3253 |    2885 |  47.0 |      35 |       9 |  20.5
       D:10 |    2234 |       0 |   0.0 |      31 |       0 |   0.0
       D:11 |    4109 |    4623 |  52.9 |      36 |      31 |  46.3
       D:12 |    4754 |    2590 |  35.3 |      31 |       5 |  13.9
       D:13 |    3797 |    2082 |  35.4 |      22 |       3 |  12.0
       D:14 |   15040 |    4525 |  23.1 |      50 |      32 |  39.0
       D:15 |    8062 |    4914 |  37.9 |      25 |       6 |  19.4
     Lair:1 |    1953 |    1060 |  35.2 |       7 |       3 |  30.0
     Lair:2 |    4117 |    2011 |  32.8 |      14 |       7 |  33.3
     Lair:3 |    6951 |    1149 |  14.2 |      24 |       1 |   4.0
     Lair:4 |    5365 |    1398 |  20.7 |      23 |       6 |  20.7
     Lair:5 |    4278 |    2459 |  36.5 |      18 |       5 |  21.7
     Lair:6 |   11955 |    6745 |  36.1 |      23 |      24 |  51.1
   Shoals:1 |   10210 |    1869 |  15.5 |      23 |       6 |  20.7
   Shoals:2 |    3240 |       0 |   0.0 |       7 |       0 |   0.0
   Shoals:3 |   19057 |   12287 |  39.2 |      35 |      11 |  23.9
   Shoals:4 |   12886 |   16633 |  56.3 |      24 |      30 |  55.6
    Snake:1 |    7575 |       0 |   0.0 |      13 |       0 |   0.0
    Snake:2 |   27166 |    6444 |  19.2 |      49 |      10 |  16.9
    Snake:3 |   23729 |     133 |   0.6 |      36 |       1 |   2.7
    Snake:4 |   28419 |   45453 |  61.5 |      55 |      71 |  56.3
      Orc:1 |    3397 |     653 |  16.1 |      30 |      14 |  31.8
      Orc:2 |    2625 |    9292 |  78.0 |      39 |      28 |  41.8
      Elf:1 |   14296 |    9591 |  40.2 |      22 |      15 |  40.5
      Elf:2 |   13860 |   22930 |  62.3 |      24 |      31 |  56.4
      Elf:3 |   23640 |   44731 |  65.4 |      39 |      31 |  44.3
   Vaults:1 |   20637 |   12534 |  37.8 |      46 |      29 |  38.7
   Vaults:2 |   41276 |   36597 |  47.0 |      65 |      54 |  45.4
   Vaults:3 |   18138 |   27537 |  60.3 |      34 |      46 |  57.5
   Vaults:4 |   43356 |   32950 |  43.2 |      57 |      46 |  44.7
   Vaults:5 |   26730 |  107855 |  80.1 |      34 |      82 |  70.7
   Depths:1 |   28945 |    3506 |  10.8 |      41 |       6 |  12.8
   Depths:2 |    4079 |  121850 |  96.8 |       9 |     128 |  93.4
   Depths:3 |   45695 |   36164 |  44.2 |      55 |      22 |  28.6
   Depths:4 |   42670 |   27398 |  39.1 |      53 |      11 |  17.2
   Depths:5 |   28123 |   30867 |  52.3 |      27 |      28 |  50.9
      Zot:1 |   62539 |       0 |   0.0 |      40 |       0 |   0.0
      Zot:2 |   45453 |    8511 |  15.8 |      27 |       4 |  12.9
      Zot:3 |   63533 |   35714 |  36.0 |      36 |      24 |  40.0
      Zot:4 |   41645 |       0 |   0.0 |      25 |       0 |   0.0
      Zot:5 |   43710 |   73745 |  62.8 |      23 |      18 |  43.9
    Abyss:3 |   16457 |       0 |   0.0 |      35 |       0 |   0.0
      Sewer |       0 |      91 | 100.0 |       0 |      19 | 100.0
     Bailey |       0 |    1210 | 100.0 |       0 |      30 | 100.0
     WizLab |   13151 |    5292 |  28.7 |      33 |       5 |  13.2
            +---------+---------+-------+---------+---------+-------
